 Dungeon Crawl Stone Soup version 0.30-a0-292-g0f741e3f8e (webtiles) character file.

Game seed: 10543333779045714632

2562 Sobieck the Grappler (level 9, -1/79 HPs)
             Began as a Ghoul Gladiator on Oct 17, 2022.
             Was a Priest of Uskayaw.
             Slain by a cyclops (3 damage)
             ... on level 7 of the Dungeon.
             The game lasted 00:15:57 (7175 turns).

Sobieck the Grappler (Ghoul Gladiator)              Turns: 7175, Time: 00:15:57

Health: -1/79      AC: 17    Str: 20    XL:     9   Next: 56%
Magic:  8/8        EV:  6    Int:  5    God:    Uskayaw [***...]
Gold:   448        SH:  0    Dex: 10    Spells: 8/8 levels left

rFire   . . .      SeeInvis .      - Unarmed
rCold   + . .      Faith    .    (no shield)
rNeg    + + +      Spirit   .    C - +0 plate armour
rPois   ∞          Reflect  .    i - +2 helmet
rElec   .          Harm     .    (no cloak)
rCorr   .          Rampage  .    (no gloves)
Will    .....                    M - +1 pair of boots
Stlth   ..........               (no amulet)
HPRegen 0.00/turn                (no ring)
MPRegen 0.11/turn                (no ring)

@: inhibited regen
A: claws 1, cold resistance 1, negative energy resistance 3, inhibited
regeneration, torment resistance 2, devour on kill
a: Renounce Religion, Stomp, Line Pass


You were on level 7 of the Dungeon.
You worshipped Uskayaw.
Uskayaw was noncommittal.
You visited 2 branches of the dungeon, and saw 8 of its levels.

You collected 448 gold pieces.


Innate Abilities, Weirdness & Mutations

You are immune to poison.
You have sharp fingernails.
Your flesh is cold resistant. (rC+)
You are immune to negative energy. (rN+++)
You do not regenerate when monsters are visible.
You are immune to unholy pain and torment.
You thrive by killing the living.


   Skills:
 + Level 7.1 Fighting
 + Level 5.2 Throwing
 - Level 4.0 Armour
 - Level 3.0 Dodging
 * Level 9.7 Unarmed Combat


You had 8 spell levels left.
You didn't know any spells.
Your spell library contained the following spells:

 Spells                   Type           Power      Damage    Failure   Level
 Ensorcelled Hibernation  Hex/Ice        0%         N/A       100%        2
 Anguish                  Hex/Necr       0%         N/A       100%        4
 Animate Dead             Necr           0%         N/A       100%        4
 Petrify                  Tmut/Erth      0%         N/A       100%        4
 Irradiate                Conj/Tmut      0%         3d11      100%        5
 Haunt                    Necr/Summ      0%         N/A       100%        7
 Infestation              Necr           0%         N/A       100%        8
 Beastly Appendage        Tmut           Unusable   N/A       N/A         1
 Sublimation of Blood     Necr           Unusable   N/A       N/A         2
 Wereblood                Tmut           Unusable   N/A       N/A         2
 Spider Form              Tmut/Pois      Unusable   N/A       N/A         3

Inventory:

Hand Weapons
 b - a +2 sling
   (You found it on level 2 of the Dungeon)
Missiles
 c - 3 throwing nets {=f!fthrowing}
 d - a javelin {throwing}
 f - 49 stones {throwing}
 l - 17 boomerangs (quivered) {throwing}
 n - 15 poisoned darts {throwing}
Armour
 a - a +0 leather armour
 i - a +2 helmet (worn)
   (You found it on level 1 of the Dungeon)
 j - a +1 helmet
   (You found it on level 1 of the Dungeon)
 m - a +0 ring mail
   (You found it on level 1 of the Dungeon)
 o - a +0 leather armour
   (You found it on level 2 of the Dungeon)
 p - a +0 robe
   (You found it on level 2 of the Dungeon)
 r - a +0 leather armour
   (You found it on level 2 of the Dungeon)
 t - a +0 chain mail
   (You found it on level 2 of the Dungeon)
 v - a +0 helmet
 w - a +0 robe
   (You found it on level 2 of the Dungeon)
 x - a +0 robe
   (You found it on level 2 of the Dungeon)
 y - a +0 chain mail
   (You took it off a goblin on level 2 of the Dungeon)
 B - a +0 robe
   (You found it on level 2 of the Dungeon)
 C - a +0 plate armour (worn)
   (You found it on level 3 of the Dungeon)
 D - a +0 ring mail
   (You found it on level 3 of the Dungeon)
 F - a +0 robe
   (You took it off Jessica on level 3 of the Dungeon)
 H - a +0 chain mail
   (You found it on level 3 of the Dungeon)
 M - a +1 pair of boots (worn)
   (You found it on level 4 of the Dungeon)
 O - a +0 robe
   (You took it off an orc wizard on level 7 of the Dungeon)
 P - a +0 robe
   (You took it off an orc wizard on level 7 of the Dungeon)
 Q - a +0 robe
   (You took it off an orc wizard on level 7 of the Dungeon)
 R - a +0 leather armour
   (You took it off an orc on level 7 of the Dungeon)
 U - a +0 scale mail
   (You found it on level 6 of the Dungeon)
 V - a +0 leather armour
   (You found it on level 5 of the Dungeon)
Jewellery
 J - an amulet of guardian spirit
   (You found it on level 4 of the Dungeon)
Wands
 I - a wand of flame (47)
   (You found it on level 3 of the Dungeon)
 L - a wand of mindburst (3)
   (You found it on level 4 of the Dungeon)
 Z - a wand of roots (14)
   (You found it on level 6 of the Dungeon)
Scrolls
 h - 2 scrolls of teleportation {@r4}
 G - a scroll of acquirement {unknown}
 K - a scroll of vulnerability {!r!r}
 N - 2 scrolls of silence {unknown}
 T - a scroll of magic mapping {unknown}
 X - a scroll of brand weapon {unknown}
 Y - a scroll of amnesia {unknown}
Potions
 e - 4 potions of degeneration {!q@e2}
 g - 4 potions of curing {@q1}
 k - 3 potions of cancellation
 q - a potion of invisibility {unknown}
 s - 4 potions of lignification
 u - 2 potions of might {unknown}
 z - 3 potions of magic
 A - 2 potions of ambrosia {unknown}
 E - a potion of mutation {unknown}
 S - 2 potions of brilliance
 W - 2 potions of resistance {unknown}

Dungeon Overview and Level Annotations

Branches:
Dungeon (7/15) Zot: 24186  Temple (1/1) D:5 Zot: 5883

Altars:
Cheibriados
Dithmenos
Fedhas
Gozag
Makhleb
Nemelex Xobeh
Okawaru
Ru
Sif Muna
Uskayaw
Vehumet
Xom

Annotations:
D:2 Sigmund

#.# #.# #.#
#.#
#.#####.#
#.......#
####.####
#.# #.# ###
#.######.##
#........@#
########C##
#......C.
#########


You could see a cyclops.


Message History

You climb upwards.
There is a stone staircase leading down here.
You start removing your armour.
You continue taking off your +0 ring mail. x4
You finish taking off your +0 ring mail.
You start putting on your armour.
You continue putting on your +0 plate armour. x5
You finish putting on your +0 plate armour.
Items here: )) [[.
There is an empty arch of ancient stone here.
There is an empty arch of ancient stone here.
There is a fountain of clear blue water here.
There is an opulent altar of Gozag here.
Unknown command.
Press < or > to pray at altars.
Unknown command.
Press < or > to pray at altars.
Unknown command.
Press < or > to pray at altars.
There is a fountain of clear blue water here.
There is an empty arch of ancient stone here.
There is an empty arch of ancient stone here.
Items here: )) [[.
There is a stone staircase leading down here.
Unknown command.
Unknown command.
Unknown command.
Unknown command.
You don't know any spells.
Unknown command.
You climb downwards.
There is a stone staircase leading up here.
Unknown command.
Unknown command.
Unknown command.
Things that are here:
a +0 robe; a +5 halberd {polearm} You see here a +0 dagger {short}.
You see here a +0 club {mace}.
You see here a water moccasin skeleton.
Things that are here:
a +0 robe; a +5 morningstar {mace}; a wyvern skeleton Unknown command.
l - 16 boomerangs {throwing} (gained 4)
You see here a goblin skeleton.
s - 4 potions of lignification (gained 1)
l - 17 boomerangs {throwing} (gained 1)
Things that are here:
a +0 robe; a +5 morningstar {mace} Unknown command.
Found an escape hatch in the floor.
Unknown command.
A water moccasin comes into view.
The water moccasin hisses angrily.
Danger!
You throw a boomerang {throwing}.
The boomerang {throwing} closely misses the water moccasin.
You throw a boomerang {throwing}.
The boomerang {throwing} barely misses the water moccasin.
You mangle the water moccasin!! The water moccasin bites you.
You claw the water moccasin!
You kill the water moccasin!
You can now pass through a line of other dancers.
You see here a water moccasin corpse.
You now have 448 gold pieces (gained 14).
f - 49 stones {throwing} (gained 5)
W - 2 metallic pink potions (gained 1)
A cyclops comes into view.
The cyclops shouts!
The cyclops throws a large rock.
The large rock hits you.
Danger!
You throw a boomerang {throwing}.
The boomerang {throwing} barely misses the cyclops.
The cyclops throws a large rock.
The large rock hits you!!
Unknown command.
You start resting.
A cyclops is nearby!
Danger!
You claw the cyclops! The cyclops hits you!!
* * * LOW HITPOINT WARNING * * *
Unknown command.
You completely miss the cyclops.
Unknown command.
You mangle the cyclops!! You claw the cyclops, but do no damage.
The cyclops hits you!
* * * LOW HITPOINT WARNING * * *
You can now pass through a line of other dancers.
Unknown command.
You claw the cyclops!
Unknown command.
You scratch the cyclops but do no damage.
You claw the cyclops. The cyclops hits you.
* * * LOW HITPOINT WARNING * * *
Uskayaw will force your foes to helplessly watch your dance.
Uskayaw prepares the audience for your solo!
Unknown command.
Unknown command.
The helpless cyclops fails to defend itself.
You scratch the cyclops.
The cyclops is no longer paralysed.
The cyclops hits you.
You die...

Skill      XL: |  1  2  3  4  5  6  7  8  9 |
---------------+----------------------------+-----
Throwing       | 2 3 4 5 |  5.2
Dodging        | 3 |  3.0
Fighting       | 3 4 5 6 7 |  7.1
Unarmed Combat | 4 5 6 7 8 9 |  9.7
Armour         | 1 3 4 |  4.0

Action                   |  1- 3 |  4- 6 |  7- 9 || total
-------------------------+-------+-------+-------++-------
Melee: Unarmed           |   100 |   103 |   201 ||   404
       Punch             |     2 |       |    15 ||    17
 Fire: Sling             |    21 |    16 |       ||    37
Throw: Dart              |     2 |       |       ||     2
       Boomerang         |       |     5 |    69 ||    74
Invok: Line Pass         |       |       |     3 ||     3
  Use: Scroll            |       |     9 |     8 ||    17
       Potion            |       |       |     1 ||     1
 Stab: Paralysed         |       |       |     6 ||     6
Armor: Leather armour    |    12 |       |       ||    12
       Ring mail         |    22 |    41 |    73 ||   136
Dodge: Dodged            |    56 |    44 |   101 ||   201

Levels and vault maps discovered:
D:1:      grunt_arrival_lava_bath, layout_basic, chequers_serial_rivers_small_3
D:2:      layout_loops_cross, uniq_sigmund
D:3:      layout_rooms, uniq_jessica, uniq_pargi
D:4:      layout_layer_cave
D:5:      layout_basic, minmay_temple_entry_nine_rooms
D:6:      cheibrodos_quashed, layout_basic, amethyst_overflow_temple_binary,
          uniq_pikel
D:7:      layout_loops_cross, enter_bailey_5
Temple:   nicolae_temple_slightly_damp_pantheon

Notes
Turn   | Place    | Note
-------+----------+-------------------------------------------
     0 | D:1      | Sobieck the Ghoul Gladiator began the quest for the Orb.
     0 | D:1      | Reached XP level 1. HP: 17/17 MP: 0/0
   121 | D:1      | Reached XP level 2. HP: 25/25 MP: 1/1
   132 | D:1      | Reached skill level 2 in Throwing
   136 | D:1      | You pick up a book of Alchemy and begin reading...
   136 | D:1      | You add the spells Petrify and Irradiate to your library.
   275 | D:1      | Reached skill level 3 in Dodging
   411 | D:1      | Reached XP level 3. HP: 30/30 MP: 2/2
   623 | D:1      | Reached skill level 3 in Fighting
   781 | D:2      | Reached skill level 4 in Unarmed Combat
   830 | D:2      | Noticed Sigmund
  1426 | D:3      | Reached XP level 4. HP: 38/38 MP: 3/3
  1434 | D:3      | Noticed Pargi
  1753 | D:3      | You pick up a book of Dreams and begin reading...
  1753 | D:3      | You add the spells Ensorcelled Hibernation and Anguish to
                  | your library.
  1780 | D:3      | Noticed Jessica
  1788 | D:3      | Killed Jessica
  1789 | D:3      | Reached XP level 5. HP: 45/45 MP: 4/4
  1847 | D:3      | You pick up a book of Death and begin reading...
  1847 | D:3      | You add the spells Animate Dead, Haunt and Infestation to
                  | your library.
  2296 | D:4      | Noticed a kobold brigand
  2380 | D:4      | Killed a kobold brigand
  2381 | D:4      | Reached skill level 5 in Unarmed Combat
  2395 | D:4      | Reached skill level 4 in Fighting
  2395 | D:4      | Reached skill level 3 in Throwing
  2395 | D:4      | Reached XP level 6. HP: 46/52 MP: 5/5
  2588 | D:4      | Reached skill level 6 in Unarmed Combat
  2928 | D:4      | Noticed a black bear
  2938 | D:4      | Killed a black bear
  2939 | D:4      | Reached XP level 7. HP: 40/60 MP: 6/6
  3724 | D:5      | Entered Level 5 of the Dungeon
  3880 | D:5      | Reached skill level 7 in Unarmed Combat
  4032 | D:5      | Found a staircase to the Ecumenical Temple.
  4039 | Temple   | Entered the Ecumenical Temple
  4134 | Temple   | Became a worshipper of Uskayaw the Reveller
  4239 | D:5      | You fall into a shaft and drop 2 floors!
  4255 | D:7      | Reached * piety under Uskayaw
  4256 | D:7      | Reached skill level 5 in Fighting
  4299 | D:7      | Reached ** piety under Uskayaw
  4360 | D:6      | Reached skill level 1 in Armour
  4463 | D:6      | Found an iron altar of Okawaru.
  4463 | D:6      | Found an opulent altar of Gozag.
  4564 | D:5      | Reached XP level 8. HP: 69/69 MP: 7/7
  4674 | D:3      | Reached *** piety under Uskayaw
  4675 | D:3      | Killed Pargi
  5359 | D:5      | Reached skill level 2 in Armour
  5780 | D:6      | Reached skill level 4 in Throwing
  5842 | D:6      | You pick up a book of Changes and begin reading...
  5988 | D:6      | Noticed Pikel
  6015 | D:6      | Reached **** piety under Uskayaw
  6052 | D:6      | Killed Pikel
  6053 | D:6      | Reached skill level 6 in Fighting
  6053 | D:6      | Reached skill level 3 in Armour
  6053 | D:6      | Reached skill level 8 in Unarmed Combat
  6283 | D:7      | Reached XP level 9. HP: 78/78 MP: 8/8
  6452 | D:7      | Reached skill level 9 in Unarmed Combat
  6504 | D:7      | HP: 14/78 [wyvern (8)]
  6505 | D:7      | HP: 4/78 [wyvern (10)]
  6509 | D:7      | Reached skill level 5 in Throwing
  6519 | D:7      | HP: 16/78 [wight/+5 morningstar (4)]
  6522 | D:7      | HP: 7/78 [wight/+5 morningstar (4)]
  6854 | D:6      | Reached skill level 7 in Fighting
  6878 | D:7      | Reached skill level 4 in Armour
  7159 | D:7      | Noticed a cyclops
  7172 | D:7      | HP: 8/79 [cyclops (16)]
  7174 | D:7      | HP: 2/79 [cyclops (6)]
  7175 | D:7      | Slain by a cyclops

Vanquished Creatures
  Pikel (D:6)
  A wyvern (D:7)
  3 water moccasins (D:7)
  Pargi (D:3)
  A black bear (D:4)
  A phantom (D:6)
  3 lemures (D:6)
  A kobold brigand (D:4)
  3 bullfrogs
  2 necrophages
  3 scorpions
  5 wights
  4 jellies
  2 hounds
  Jessica (D:3)
  4 iguanas
  3 orc wizards (D:7)
  8 adders
  3 ufetubi
  3 worms
  A dart slug (D:1)
  7 orcs
  3 bats
  15 endoplasms
  2 giant cockroaches
  12 goblins
  5 hobgoblins
  2 quokkas
  8 ball pythons
  3 frilled lizards
  9 kobolds
  3 rats
123 creatures vanquished.

Vanquished Creatures (others)
  An orc (D:7)
1 creature vanquished.

Grand Total: 124 creatures vanquished

Table legend:
 A = Non-vault XP
 B = Vault XP
 C = Vault XP percentage of total XP
 D = Non-vault monster count
 E = Vault monster count
 F = Vault count percentage of total count
                 A         B        C        D         E       F
            +---------+---------+-------+---------+---------+-------
      Total |    2842 |     818 |  22.3 |     114 |       7 |   5.8
            +---------+---------+-------+---------+---------+-------
        D:1 |      53 |       0 |   0.0 |      31 |       0 |   0.0
        D:2 |      39 |       0 |   0.0 |      16 |       0 |   0.0
        D:3 |      53 |     171 |  76.3 |      12 |       2 |  14.3
        D:4 |     492 |       0 |   0.0 |      14 |       0 |   0.0
        D:5 |     313 |       0 |   0.0 |      10 |       0 |   0.0
        D:6 |     565 |     642 |  53.2 |      11 |       2 |  15.4
        D:7 |    1327 |       5 |   0.4 |      20 |       3 |  13.0
            +---------+---------+-------+---------+---------+-------

Illustrated notes

Table legend:
 A = Kills in this place as a percentage of kills in entire the game.
 B = Kills by you in this place as a percentage of kills by you in the entire game.
 C = Kills by friends in this place as a percentage of kills by friends in the entire game.
 D = Other kills in this place as a percentage of other kills in the entire game.
 E = Experience gained in this place as a percentage of experience gained in the entire game.
 F = Experience gained in this place divided by the number of levels of this place that you have seen.
                   A       B       C       D       E      F
               +-------+-------+-------+-------+-------+----------------------
         Total | 100.0 | 100.0 |   N/A | 100.0 | 100.0 | 457.5
       Dungeon | 100.0 | 100.0 |   N/A | 100.0 | 100.0 | 522.9
               +-------+-------+-------+-------+-------+----------------------

Table legend: (Time is in decaauts)
 A = Elapsed time spent in this place.
 B = Non-inter-level travel time spent in this place.
 C = Inter-level travel time spent in this place.
 D = Time resting spent in this place.
 E = Time spent auto-exploring this place.
 F = Levels seen in this place.
 G = Mean time per level.
                   A        B        C        D        E       F      G
               +--------+--------+--------+--------+--------+-----+--------+
         Total |   7152 |   6642 |    510 |    988 |   4109 |   8 |  894.0 |
       Dungeon |   7036 |   6547 |    489 |    988 |   4033 |   7 | 1005.1 |
        Temple |    116 |     95 |     21 |      0 |     76 |   1 |  116.0 |
               +--------+--------+--------+--------+--------+-----+--------+

Top non-repeatable levels by time:
     D:4: 1563 daAuts
     D:2: 1197 daAuts
     D:6: 1188 daAuts
     D:5: 897 daAuts
     D:1: 891 daAuts
     D:7: 665 daAuts
     D:3: 632 daAuts
  Temple: 116 daAuts
